Map: Interloper LE

Players

Elazer - Winner!

  • Race: Zerg Zerg
  • Spawn Location: 11:00

MacSed

  • Race: Protoss Protoss
  • Spawn Location: 5:00

Event: WCS Montreal 2017

VOD

Have the link to the VOD?

Description

Time

  • Played on: Sept. 8, 2017, 7:10 p.m.
  • Length: 9:56

All games in this series

Show
View Real Time Build Order
Export as new Build Order

Elazer Zerg - Winner!

Build Orders: Hatch First 

Get SALT Encoding   

  12  0:00  Drone  
  13  0:12  Overlord  
  13  0:17  Drone  
  14  0:31  Drone  
  15  0:44  Hatchery  
  15  0:48  Drone  
  15  0:52  Drone  
  15  0:56  Drone  
  17  1:00  Drone  
  18  1:10  Extractor  
  17  1:16  Spawning Pool  
  16  1:19  Drone  
  17  1:26  Drone  
  17  1:32  Drone  
  19  1:45  Overlord  
  19  1:54  Drone  
  20  1:57  Drone  
  21  2:02  Queen  
  21  2:03  Queen  
  21  2:04  Drone  
  21  2:08  Zergling x2  
  27  2:13  Metabolic Boost  
  27  2:16  Drone  
  27  2:19  Drone  
  29  2:25  Drone  
  29  2:28  Drone  
  31  2:35  Drone  
  32  2:46  Hatchery  
  32  2:49  Drone x2  
  33  2:53  Pneumatized Carapace  
  33  2:59  Overlord  
  33  3:00  Drone  
  34  3:07  Overlord  
  34  3:08  Drone  
  34  3:11  Drone  
  36  3:18  Drone x3  
  39  3:26  Drone x2  
  41  3:32  Drone  
  42  3:35  Overlord  
  42  3:36  Queen  
  44  3:48  Extractor  
  43  3:49  Overlord, Roach Warren  
  43  3:52  Overlord  
  42  3:56  Drone x2  
  42  3:57  Drone  
  42  3:59  Drone x3  
  42  4:01  Drone  
  49  4:06  Lair  
  49  4:07  Overlord  
  49  4:13  Queen  
  51  4:17  Extractor  
  51  4:18  Drone  
  51  4:20  Overlord  
  51  4:28  Drone x2  
  51  4:29  Drone x2  
  54  4:33  Roach x4  
  54  4:34  Roach  
  64  4:39  Overlord  
  64  4:43  Evolution Chamber  
  64  4:45  Roach x2  
  67  4:46  Drone  
  67  4:48  Drone  
  67  4:50  Drone x2  
  71  4:56  Ravager  
  71  4:57  Overlord  
  71  4:59  Drone x2  
  74  5:03  Drone x2  
  74  5:06  Glial Reconstitution  
  76  5:10  Roach x3  
  80  5:16  Roach x3  
  84  5:24  Roach x4  
  84  5:27  Queen  
  94  5:30  Extractor  
  94  5:31  Overlord  
  93  5:38  Roach x4  
  101  5:47  Overlord  
  101  5:49  Overlord  
  101  5:51  Roach x4  
  101  5:57  Roach x2  
  113  5:59  Overlord x2  
  113  6:08  Extractor  
  113  6:10  Roach x5, Extractor  
  121  6:14  Overlord  
  121  6:15  Drone x2  
  123  6:21  Drone  
  123  6:24  Drone  
  125  6:26  Spire  
  125  6:27  Overlord, Drone  
  125  6:29  Drone  
  125  6:30  Drone  
  127  6:42  Overlord  
  117  6:48  Drone x4  
  117  6:49  Drone  
  120  6:55  Drone  
  120  7:00  Overlord  
  115  7:01  Drone  
  115  7:03  Zergling x2  
  115  7:04  Zergling x8  
  107  7:16  Overlord  
  107  7:22  Zergling x2  
  108  7:23  Zergling x14  
  108  7:24  Zerg Melee Weapons Level 1  
  108  7:28  Hatchery  
  114  7:38  Mutalisk x3  
  114  7:42  Mutalisk  
  114  7:43  Mutalisk x4  
  130  7:48  Mutalisk, Zerg Flyer Weapons Level 1  
  130  7:49  Mutalisk x2  
  136  7:55  Mutalisk  
  136  7:57  Zergling x2  
  136  7:58  Zergling x6  
  142  8:00  Overlord  
  142  8:04  Zergling x2  
  143  8:06  Ravager  
  143  8:07  Ravager  
  143  8:09  Roach  
  143  8:10  Roach x2  
  155  8:12  Roach  
  155  8:13  Roach  
  155  8:16  Roach x2  
  155  8:19  Zergling x10  
  146  8:30  Mutalisk x2  
  140  8:35  Zergling x8  
  137  8:42  Zergling x8  
  137  8:47  Mutalisk x3  
  142  8:52  Zergling x8  
  142  8:53  Queen  
  142  8:54  Mutalisk  
  146  9:06  Zergling x2  
  123  9:10  Mutalisk  
  123  9:11  Mutalisk x2  
  123  9:13  Zergling x22  
  123  9:23  Mutalisk x2  
  118  9:27  Zergling x4  
  119  9:39  Zergling x8  
Show
View Real Time Build Order
Export as new Build Order

MacSed Protoss 

Build Orders: 1 Gate Expand 

Get SALT Encoding   

  12  0:00  Probe (Chrono Boost)  
  13  0:11  Probe (Chrono Boost)  
  14  0:18  Pylon  
  14  0:22  Probe (Chrono Boost)  
  15  0:36  Probe (Chrono Boost)  
  15  0:39  Gateway  
  16  0:47  Probe (Chrono Boost)  
  16  0:48  Assimilator  
  17  0:57  Probe (Chrono Boost)  
  18  1:08  Probe (Chrono Boost)  
  20  1:18  Probe (Chrono Boost)  
  20  1:26  Nexus  
  20  1:36  Cybernetics Core  
  20  1:39  Probe (Chrono Boost)  
  21  1:46  Assimilator  
  21  1:50  Probe (Chrono Boost)  
  22  1:55  Pylon  
  22  2:05  Probe (Chrono Boost)  
  23  2:12  Warp Gate  
  23  2:13  Stalker  
  25  2:17  Probe (Chrono Boost)  
  26  2:29  Mothership Core (Chrono Boost)  
  28  2:38  Probe (Chrono Boost)  
  28  2:43  Zealot  
  31  2:47  Probe (Chrono Boost)  
  31  2:48  Twilight Council  
  31  2:49  Probe (Chrono Boost)  
  33  2:58  Probe (Chrono Boost)  
  34  3:03  Probe (Chrono Boost)  
  35  3:08  Robotics Facility  
  35  3:09  Probe (Chrono Boost)  
  36  3:13  Probe (Chrono Boost)  
  37  3:20  Probe (Chrono Boost)  
  37  3:24  Probe (Chrono Boost), Charge (Chrono Boost)  
  39  3:30  Probe (Chrono Boost)  
  40  3:35  Probe (Chrono Boost)  
  41  3:42  Probe (Chrono Boost), Gateway x2  
  41  3:45  Probe (Chrono Boost), Sentry  
  45  3:48  Pylon  
  45  3:54  Pylon  
  46  4:01  Probe  
  45  4:06  Warp Prism (Chrono Boost), Probe  
  49  4:12  Probe  
  50  4:20  Probe  
  51  4:24  Nexus  
  51  4:27  Pylon  
  51  4:36  Zealot x2  
  51  4:37  Zealot  
  57  4:38  Immortal  
  57  4:45  Probe  
  62  4:46  Probe  
  62  4:50  Assimilator  
  63  4:53  Pylon  
  63  4:56  Assimilator  
  63  5:02  Zealot  
  63  5:03  Zealot x2  
  69  5:10  Probe  
  70  5:20  Immortal  
  64  5:21  Probe  
  64  5:28  Robotics Bay  
  69  5:31  Blink (Chrono Boost)  
  69  5:33  Probe  
  69  5:34  Probe  
  69  5:35  Probe  
  72  5:45  Probe x2  
  72  5:46  Probe  
  75  5:50  Pylon  
  75  5:54  Sentry x2  
  75  5:56  Probe  
  79  5:57  Probe, Observer  
  79  5:58  Probe  
  79  6:03  Gateway  
  83  6:06  Probe  
  83  6:08  Gateway  
  83  6:09  Probe, Gateway  
  85  6:12  Probe  
  85  6:13  Disruptor  
  85  6:17  Probe  
  89  6:21  Probe, Pylon  
  89  6:24  Probe  
  92  6:26  Gateway  
  92  6:27  Gateway  
  90  6:36  Zealot  
  91  6:45  Disruptor  
  84  6:49  Zealot x2  
  85  7:03  Probe  
  85  7:08  Pylon  
  81  7:10  Pylon  
  81  7:11  Zealot x2  
  81  7:12  Zealot, Pylon  
  81  7:14  Pylon  
  82  7:15  Probe  
  82  7:17  Probe  
  82  7:18  Pylon  
  82  7:21  Disruptor  
  84  7:24  Gateway  
  84  7:29  Pylon  
  87  7:30  Pylon  
  87  7:34  Sentry x3  
  87  7:36  Stalker x2  
  96  7:44  Pylon  
  96  7:45  Stalker  
  98  8:06  Stalker x3  
  98  8:07  Stalker x2  
  98  8:10  Stalker x2  
  104  8:32  Stalker  
  104  8:33  Stalker x5  
  108  8:35  Sentry  
  106  8:43  Sentry  
  108  8:51  Probe  
  109  8:56  Stalker x3  
  109  8:57  Stalker x2  
  109  8:59  Zealot  
  75  9:21  Stalker x4  
  81  9:26  Zealot x2  
  81  9:31  Stalker  
  73  9:48  Zealot x4  
Tags
 
Add a new tag
Caveats
  • Supply blocks, unpowered buildings, or Contaminate may cause inaccurate times.
  • Supply counts are checked every 10 seconds.